 Dungeon Crawl Stone Soup version 0.31-a0-960-g0fca184906 (webtiles) character file.

Game seed: 10944127732985077696

87 Azuregosa the Covert (level 4, -6/27 HPs)
             Began as an Octopode Delver on Oct 23, 2023.
             Was a Follower of Hepliaklqana.
             Mangled by a gnoll
             ... wielding a +0 halberd
              (8 damage)
             ... on level 3 of the Dungeon.
             The game lasted 00:09:30 (2055 turns).

Azuregosa the Covert (Octopode Delver)              Turns: 2055, Time: 00:09:31

Health: -6/27      AC:  5    Str: 13    XL:     4   Next: 51%
Magic:  6/6        EV: 13    Int: 18    God:    Hepliaklqana [*.....]
Gold:   56         SH:  0    Dex: 13    Spells: 3/6 levels left

rFire   . . .        v - +1 dagger (holy)
rCold   . . .        (no shield)
rNeg    . . .        (helmet restricted)
rPois   .            (no amulet)
rElec   .            q - +6 ring of intelligence
rCorr   .            s - +4 ring of protection
SInv    .            (no ring)
Will    .....        (no ring)
Stlth   +++++        (no ring)
HPRegen 0.24/turn    (no ring)
MPRegen 0.10/turn    (no ring)
                     (no ring)

%: no passive effects
@: no status effects
A: reduced essence, almost no armour, amphibious, 8 rings, camouflage 1,
gelatinous body 1, (nimble swimmer 1), tentacles
a: Renounce Religion, Recall Ancestor, Ancestor Identity


You were on level 3 of the Dungeon.
You worshipped Hepliaklqana.
Hepliaklqana was aware of your devotion.
You visited 1 branch of the dungeon, and saw 5 of its levels.

You collected 166 gold pieces.
You spent 110 gold pieces at shops.

Inventory:

Hand Weapons
 v - a +1 dagger of holy wrath (weapon)
Missiles
 f - 34 stones
 o - 3 poisoned darts
Jewellery
 q - a +6 ring of intelligence (left tentacle)
 s - a +4 ring of protection (right tentacle)
Wands
 e - a wand of digging (3)
 x - a wand of flame (13)
Scrolls
 a - a scroll of fog
 b - 2 scrolls of poison {unknown}
 c - 2 scrolls of fear
 i - a scroll of identify {unknown}
 j - a scroll of silence {unknown}
 l - a scroll of blinking {unknown}
 m - a scroll of amnesia {unknown}
 r - a scroll of teleportation {unknown}
 t - a scroll of noise {unknown}
Potions
 d - 2 potions of haste
 g - a potion of cancellation {unknown}
 h - 2 potions of ambrosia {unknown}
 k - a potion of heal wounds {unknown}
 n - a potion of might {unknown}
 p - 2 potions of curing {unknown}
 u - a potion of attraction {unknown}
 w - a potion of lignification {unknown}


   Skills:
 - Level 3.0 Fighting
 - Level 2.0 Dodging
 - Level 8.0 Stealth
 - Level 2.0 Unarmed Combat
 + Level 1.7 Spellcasting
 + Level 1.1 Translocations


You had 3 spell levels left.
You knew the following spells:

 Your Spells              Type           Power      Damage    Failure   Level
a - Teleport Other        Tloc           5%         N/A       34%         3

Your spell library contained the following spells:

 Spells                   Type           Power      Damage    Failure   Level
 Sting                    Tmut/Pois      4%         1d3       19%         1
 Poisonous Vapours        Pois/Air       2%         N/A       28%         2
 Gell's Gravitas          Tloc           5%         N/A       34%         3
 Olgreb's Toxic Radiance  Pois           1%         N/A       88%         4
 Dispersal                Tloc           2%         N/A       100%        6


Dungeon Overview and Level Annotations

Branches:
Dungeon (5/15)
 Temple: D:4-7

Altars:
Hepliaklqana

Shops:
D:2 **   D:5 :


Innate Abilities, Weirdness & Mutations

Your life essence is reduced to manifest your ancestor. (-10% HP)
You cannot wear most types of armour.
You are amphibious.
You can wear up to eight rings at the same time.
Your skin changes colour to match your surroundings (Stealth+).
Your rubbery body absorbs attacks. (AC +1, EV +1)
((You are camouflaged when in or above water. (Stealth+)))
You have tentacles for arms and can constrict up to eight enemies at once.


Message History

You constrict the gnoll. The gnoll barely misses you.
You hit the gnoll.
You kill the gnoll!
You hit the gnoll. You grab the gnoll.
The gnoll is moderately wounded.
You constrict the gnoll. The gnoll hits you with a +0 whip.
The gnoll hits you from afar with a +0 spear.
You hit the gnoll.
The gnoll is moderately wounded.
You constrict the gnoll, but do no damage.
The gnoll barely misses you.
The gnoll hits you from afar with a +0 spear.
You hit the gnoll.
The gnoll is heavily wounded.
You constrict the gnoll.
The gnoll hits you from afar with a +0 spear.
The gnoll closely misses you.
You hit the gnoll.
The gnoll is severely wounded.
You constrict the gnoll, but do no damage.
The gnoll barely misses you. x2
You hit the gnoll.
You kill the gnoll!
The gnoll barely misses you.
Your Translocations skill increases to level 1!
The gnoll hits you with a +0 spear. The gnoll barely misses you.
Items here: )) ††.
You closely miss the gnoll. You grab the gnoll. You squeeze the gnoll!
The gnoll is heavily wounded.
You constrict the gnoll. The gnoll misses you. x2
You hit the gnoll but do no damage.
The gnoll is severely wounded.
You constrict the gnoll.
The gnoll hits you from afar with a +0 halberd!
* * * LOW HITPOINT WARNING * * *
The gnoll misses you.
You hit the gnoll.
You kill the gnoll!
The gnoll hits you from afar with a +0 halberd!
You die... #.. ### ..# ggg

#.# ####### #g#
#.....# #.#
#.#.#.########.#
#.PP...#....@)g#
#P....#.#######
##.....#.#
#....P.#.#
#.###....#
####.####.###
#.......#.#######
#.#.....#........
#.#.<...#######..


You could see a gnoll.

Vanquished Creatures
  3 gnolls (D:3)
  2 worms (D:2)
  4 dart slugs
  An orc (D:2)
  6 ball pythons
  2 bats (D:2)
  2 endoplasms
  4 giant cockroaches
  9 goblins
  A hobgoblin (D:2)
  2 quokkas (D:1)
  5 kobolds
  3 rats
44 creatures vanquished.

Vanquished Creatures (collateral kills)
  An adder zombie (D:3)
  2 bats
  A hobgoblin (D:1)
  A goblin (D:1)
  A quokka skeleton (D:3)
6 creatures vanquished.

Vanquished Creatures (others)
  2 ancestors (D:3)
2 creatures vanquished.

Grand Total: 52 creatures vanquished

Notes
Turn   | Place    | Note
-------+----------+-------------------------------------------
     0 | D:5      | Azuregosa the Octopode Delver began the quest for the Orb.
     0 | D:5      | Reached XP level 1. HP: 16/16 MP: 1/1
     0 | D:5      | Noticed a centaur
     0 | D:5      | Found Haemm's Book Boutique.
    37 | D:4      | Noticed a hound
    62 | D:4      | Reached skill level 7 in Stealth
    62 | D:4      | Reached XP level 2. HP: 14/21 MP: 2/2
   126 | D:2      | Found a faded altar of an unknown god.
   293 | D:2      | Reached XP level 3. HP: 14/26 MP: 3/3
   698 | D:1      | Reached skill level 8 in Stealth
   875 | D:2      | Prayed at the altar of an unknown god.
   875 | D:2      | Became a worshipper of Hepliaklqana the Forgotten
   875 | D:2      | Reached * piety under Hepliaklqana
  1102 | D:1      | Reached skill level 1 in Spellcasting
  1118 | D:1      | Learned a level 3 spell: Teleport Other
  1525 | D:2      | Reached XP level 4. HP: 22/27 MP: 5/5
  1594 | D:2      | Found Gavo's General Store.
  1628 | D:2      | Found Sediu's Assorted Antiques.
  1633 | D:2      | Bought a gilded ring for 110 gold pieces
  2052 | D:3      | Reached skill level 1 in Translocations
  2055 | D:3      | Mangled by a gnoll

Illustrated notes

Levels and vault maps discovered:
D:1:      psy_arrival_basics, layout_basic, serial_aquarium,
          aquarium_bridge_island_small [aquarium_subvault_small_water,
          aquarium_subvault_wall, aquarium_subvault_bridge,
          aquarium_subvault_balcony, aquarium_subvault_wall],
          aquarium_window_corner, aquarium_window_2, aquarium_view_2b,
          aquarium_balcony_double_1, minmay_shallow_snake_nest
D:2:      layout_basic, nicolae_ecumenical_oubliette, serial_shops, shop, shop,
          minmay_three_crescents
D:3:      layout_basic, serial_undead, serial_undead_b, serial_undead_b,
          serial_undead_d, serial_undead_f, serial_undead_d, serial_undead_c,
          serial_shops, nicolae_shop_tiny_statue_garden,
          nicolae_shop_gibbet_a_chance, shop
D:4:      layout_cave_pools, okawaru_metal_pillars_3,
          minmay_temple_entry_butterflies
D:5:      layout_rooms, nicolae_uskayaw_en_pointe, kennysheep_windowed_goal,
          uniq_grinder, uniq_eustachio, uniq_sigmund, uniq_pikel

Skill      XL: |  1  2  3  4 |
---------------+-------------+-----
Stealth        | 7 8 |  8.0
Spellcasting   | 1 |  1.7
Translocations | 1 |  1.1
Fighting       | |  3.0
Dodging        | |  2.0
Unarmed Combat | |  2.0

Action                     |  1- 3 |  4- 6 || total
---------------------------+-------+-------++-------
  Melee: Unarmed           |    81 |     5 ||    86
         Tentacles         |    18 |     3 ||    21
         Constrict         |    19 |     5 ||    24
         Punch             |     2 |       ||     2
         Dagger            |       |    12 ||    12
 Invoke: Ancestor Identity |     1 |       ||     1
    Use: Scroll            |     1 |       ||     1
   Stab: Sleeping          |    17 |     2 ||    19
 Armour: Skin              |    32 |     9 ||    41
  Dodge: Dodged            |    49 |    14 ||    63

Table legend: (Time is in decaauts)
 A = Elapsed time spent in this place.
 B = Non-inter-level travel time spent in this place.
 C = Inter-level travel time spent in this place.
 D = Time resting spent in this place.
 E = Time spent auto-exploring this place.
 F = Levels seen in this place.
 G = Mean time per level.
                   A        B        C        D        E       F      G
               +--------+--------+--------+--------+--------+-----+--------+
         Total |   2052 |   2007 |     45 |    165 |   1190 |   5 |  410.4 |
       Dungeon |   2052 |   2007 |     45 |    165 |   1190 |   5 |  410.4 |
               +--------+--------+--------+--------+--------+-----+--------+

Top non-repeatable levels by time:
     D:1: 931 daAuts
     D:2: 912 daAuts
     D:3: 107 daAuts
     D:4: 88 daAuts
     D:5: 13 daAuts
